 Dungeon Crawl Stone Soup version 0.27.0-1-g7a089689b8 (webtiles) character file.

Game seed: 5765711681071923732

91 lmSkywalker the Gusty (level 4, -6/24 HPs)
             Began as a Tengu Air Elementalist on Aug 13, 2021.
             Splashed by a jelly's acid (10 damage)
             ... on level 3 of the Dungeon.
             The game lasted 00:10:33 (3127 turns).

lmSkywalker the Gusty (Tengu Air Elementalist)      Turns: 3127, Time: 00:10:34

Health: -6/24      AC: -2    Str: 14    XL:     4   Next: 59%
Magic:  7/9        EV: 12    Int: 17    God:
Gold:   89         SH:  0    Dex: 14    Spells: 3/9 levels left

rFire    . . .     SeeInvis .   d - +0 spear (flame)
rCold    . . .     Faith    .   (no shield)
rNeg     . . .     Spirit   .   a - +0 robe
rPois    .         Reflect  .   (helmet restricted)
rElec    .         Harm     .   (no cloak)
rCorr    .         Rampage  .   (no gloves)
Will     .....                  (boots unavailable)
Stlth    ++........             (no amulet)
HPRegen  0.08/turn              g - +6 ring of strength
MPRegen  0.11/turn              (no ring)

@: corroded
A: beak, talons 3
a: no special abilities


You were on level 3 of the Dungeon.
You visited 1 branch of the dungeon, and saw 4 of its levels.

You collected 89 gold pieces.

Inventory:

Hand Weapons
 d - a +0 spear of flaming (weapon)
Armour
 a - a +0 robe (worn)
Jewellery
 g - a +6 ring of strength (left hand)
Scrolls
 b - 2 scrolls of enchant weapon {unknown}
 f - a scroll of noise {unknown}
 h - 3 scrolls of identify {unknown}
 j - a scroll of summoning {unknown}
 k - a scroll of magic mapping {unknown}
 l - a scroll of teleportation {unknown}
 m - a scroll of immolation {unknown}
 q - a scroll of enchant armour {unknown}
Potions
 c - 2 potions of curing {unknown}
 e - a potion of mutation {unknown}
 i - a potion of brilliance {unknown}
 n - a potion of heal wounds {unknown}
 o - a potion of cancellation {unknown}
 p - a potion of flight {unknown}
 r - a potion of haste {unknown}


   Skills:
 - Level 2.1 Dodging
 - Level 2.0 Stealth
 + Level 3.0 Spellcasting
 + Level 3.3 Conjurations
 + Level 5.1 Air Magic


You had 3 spell levels left.
You knew the following spells:

 Your Spells              Type           Power      Damage    Failure   Level
a - Shock                 Conj/Air       68%        1d7       3%          1
b - Static Discharge      Conj/Air       17%        N/A       4%          2
c - Swiftness             Air            20%        N/A       6%          3

Your spell library contained the following spells:

 Spells                   Type           Power      Damage    Failure   Level
 Corpse Rot               Necr/Air       N/A        N/A       10%         2
 Airstrike                Air            10%        N/A       22%         4
 Dispel Undead            Necr           2%         3d7       86%         4
 Death Channel            Necr           1%         N/A       100%        6


Dungeon Overview and Level Annotations

Branches:
Dungeon (4/15)
 Temple: D:4-7

Altars:

Shops:
D:3 :


Innate Abilities, Weirdness & Mutations

You have a beak for a mouth.
You have claws for feet.


Message History

Found a spear.
Found a stone staircase leading up.
Done exploring.
Done exploring.
There is a stone staircase leading down here.
You climb downwards.
A jelly and a kobold come into view.
Found nine items.
Found two stone staircases leading down.
There is a stone staircase leading up here.
You reach to attack!
The helpless jelly fails to defend itself.
You hit the jelly. You burn the jelly.
The jelly is heavily wounded.
The kobold shouts!
The kobold throws a stone.
The stone barely misses you. The jelly hits you. The acid corrodes you!
You are splashed with acid!
The kobold throws a stone.
The stone barely misses you.
You climb upwards.
There is a stone staircase leading down here.
Casting: Static Discharge (safe; 4% risk of failure)
Confirm with . or Enter, or press ? or * to list all spells.
Aiming: Shock (safe; 3% risk of failure)
Press: ? - help, Shift-Dir - straight line, f - jelly
Aim: a jelly (heavily wounded, 100% to hit)
The zap hits the jelly.
The jelly is severely wounded.
The jelly hits you.
You are splashed with acid.
* * * LOW HITPOINT WARNING * * *
Casting: Shock (safe; 3% risk of failure)
Confirm with . or Enter, or press ? or * to list all spells.
Aiming: Shock (safe; 3% risk of failure)
Press: ? - help, Shift-Dir - straight line, f/p - jelly
Aim: a jelly (severely wounded, 100% to hit)
The zap hits the jelly.
The jelly is almost dead.
The jelly hits you.
* * * LOW HITPOINT WARNING * * *
You are splashed with acid!
You die...

#.# #................ #.#
#................ #.#
#................ #.#
#####.##....†........
#.#####.....##.............
#.##....#######............
#.##...## ###.............#
#.##...# ##...######.######
#.##...# #@.### #.#
#.##...###J## #.#
#.##...##..# #[#
#.##[..##.## #.#
##.##...##.# #.#
#..##...##.##########.#
#(####.#.....##.....#.# #.#
#................###### #.#
#................##....


You could see a jelly.

Vanquished Creatures
  4 adders
  A worm (D:2)
  2 dart slugs (D:1)
  2 orcs (D:3)
  4 bats
  6 endoplasms
  2 giant cockroaches (D:1)
  A goblin (D:1)
  3 hobgoblins
  4 jackals (D:1)
  3 quokkas
  6 ball pythons
  3 frilled lizards
  2 kobolds
  4 rats
47 creatures vanquished.

Notes
Turn   | Place    | Note
-------+----------+-------------------------------------------
     0 | D:1      | lmSkywalker the Tengu Air Elementalist began the quest for
                  | the Orb.
     0 | D:1      | Reached XP level 1. HP: 10/10 MP: 4/4
   248 | D:1      | Reached XP level 2. HP: 15/15 MP: 1/6
   485 | D:1      | Learned a level 2 spell: Static Discharge
   728 | D:1      | Found a faded altar of an unknown god.
  1026 | D:1      | Reached XP level 3. HP: 19/19 MP: 4/7
  1345 | D:1      | Learned a level 3 spell: Swiftness
  2340 | D:3      | Found Hengihiarph's Book Shoppe.
  2353 | D:3      | Reached XP level 4. HP: 20/24 MP: 6/9
  2448 | D:3      | Reached skill level 5 in Air Magic
  3127 | D:3      | Splashed by a jelly's acid

Illustrated notes

Levels and vault maps discovered:
D:1:      psy_arrival_whirlpool, layout_loops_ring, serial_rivers,
          chequers_serial_rivers_small_b, chequers_serial_rivers_micro_d,
          chequers_serial_rivers_small_3, chequers_serial_rivers_marsh,
          ebering_ecumenical_altar_sacrificial
D:2:      layout_basic, serial_glass, glass_columns_a, glass_columns_a,
          kennysheep_decorative_pillar, minmay_pentomino_p4
D:3:      layout_rooms, serial_shops, nicolae_shop_behind_doors, st_stairs_5
D:4:      layout_rooms

Skill      XL: |  1  2  3  4 |
---------------+-------------+-----
Conjurations   | 2 3 |  3.3
Air Magic      | 5 |  5.1
Spellcasting   | 3 |  3.0
Dodging        | |  2.1
Stealth        | |  2.0

Action                   |  1- 3 |  4- 6 || total
-------------------------+-------+-------++-------
Melee: Whip              |     3 |       ||     3
       Spear             |    11 |    12 ||    23
       Kick              |     2 |       ||     2
       Peck              |     1 |       ||     1
 Cast: Shock             |    78 |    24 ||   102
       Static Discharge  |       |     4 ||     4
 Stab: Sleeping          |       |     1 ||     1
Armor: Robe              |     2 |     2 ||     4
Dodge: Dodged            |     9 |    10 ||    19
